 Dungeon Crawl Stone Soup version 0.24.0-13-gcf9b3192b9 (console) character file.

Game seed: 17154110017684429306, levelgen mode: deterministic

4122 AlterAsc the Transmogrifier (level 10, -4/53 HPs)
             Began as a Vine Stalker Transmuter on Nov 10, 2019.
             Was a Follower of Ashenzari.
             Succumbed to Sonja's poison
             ... on level 9 of the Dungeon.
             The game lasted 00:24:20 (7545 turns).

AlterAsc the Transmogrifier (VSTm)                  Turns: 7545, Time: 00:24:20

Health: -4/53      AC:  5    Str: 16    XL:     10   Next: 27%
Magic:  1/20       EV: 12    Int: 13    God:    Ashenzari [*.....]
Gold:   530        SH:  0    Dex: 15    Spells: 13/21 levels left

rFire    + . .     SeeInvis .     - Unarmed
rCold    . . .     Gourm    .   (shield currently unavailable)
rNeg     . . .     Faith    .   k - +0 leather armour
rPois    .         Spirit   +   r - +0 helmet
rElec    .         Reflect  .   N - +0 cloak
rCorr    .         Harm     .   (gloves currently unavailable)
MR       +....                  (no boots)
Stlth    +.........             q - amulet of the acrobat (curse)
HPRegen  0.57/turn              L - ring of wizardry
MPRegen  0.17/turn              F - ring of protection from fire (curse)

@: lethally poisoned (-4 -> -47), blade hands (expiring), slowed, very slow
A: fangs 3, regeneration 1, magic shield, antimagic bite, no potion heal 3, rot
immunity
a: End Transformation, Curse Item, Scrying, Renounce Religion


You were on level 9 of the Dungeon.
You worshipped Ashenzari.
Ashenzari was aware of your devotion.
You were not hungry.
You had blades for hands.
You visited 2 branches of the dungeon, and saw 11 of its levels.
You also visited: Sewer.

You collected 530 gold pieces.

Inventory:

Missiles
 a - 191 arrows
 e - 29 poisoned darts
 n - 3 curare-tipped darts (quivered)
 o - 6 atropa-tipped darts
Armour
 b - a +0 robe
 k - a +0 leather armour (worn)
 r - a +0 helmet (worn)
 t - a +0 chain mail
 A - a +0 pair of gloves (melded)
 D - a cursed +0 helmet
 N - a +0 cloak (worn)
 P - a +0 pair of gloves
 S - a +3 ring mail of fire resistance
Jewellery
 q - a cursed amulet of the acrobat (around neck)
 v - an uncursed ring of protection from cold
 w - an uncursed amulet of magic regeneration
 F - a cursed ring of protection from fire (right scythe-like blade)
 L - a ring of wizardry (left scythe-like blade)
Wands
 C - a wand of digging (7)
 E - a wand of disintegration (14)
 J - a wand of enslavement (6)
 M - a wand of polymorph (11)
 Q - a wand of paralysis (3)
Scrolls
 f - 4 scrolls of teleportation
 i - 2 scrolls of random uselessness
 l - 7 scrolls of remove curse
 m - 2 scrolls of enchant weapon
 y - 2 scrolls of amnesia {unknown}
 B - 4 scrolls of magic mapping {unknown}
 H - a scroll of silence {unknown}
 I - 4 scrolls of identify
 K - a scroll of fog {unknown}
Potions
 c - 4 potions of haste {unknown}
 g - 2 potions of might
 h - 4 potions of mutation
 j - 3 potions of curing {unknown}
 p - 4 potions of invisibility
 s - a potion of degeneration {unknown}
 u - a potion of flight {unknown}
 x - 5 potions of agility {unknown}
 z - a potion of heal wounds {unknown}
 G - 3 potions of lignification {unknown}
 O - a potion of berserk rage {unknown}
Comestibles
 d - 20 rations


   Skills:
 + Level 5.9 Fighting
 + Level 1.0 Armour
 + Level 2.0 Dodging
 * Level 8.1 Unarmed Combat
 - Level 6.0 Spellcasting
 + Level 8.6 Transmutations
 + Level 2.1 Evocations


You had 13 spell levels left.
You knew the following spells:

 Your Spells              Type           Power        Failure   Level  Hunger
a - Beastly Appendage     Tmut           ####..       4%          1    None
b - Sticks to Snakes      Tmut           ####....     6%          2    ##.....
c - Blade Hands           Tmut           ####......   26%         5    ######.

Your spell library contained the following spells:

 Spells                   Type           Power        Failure   Level  Hunger
 Spider Form              Tmut/Pois      ###.......   21%         3    ###....
 Ice Form                 Ice/Tmut       ###.....     43%         4    ####...
 Yara's Violent Unravell  Hex/Tmut       ###.......   67%         5    ######.
 Cause Fear               Hex            #.........   86%         4    ####...
 Metabolic Englaciation   Hex/Ice        #.........   98%         5    ######.
 Silence                  Hex/Air        #.........   98%         5    ######.
 Bolt of Cold             Conj/Ice       #.........   100%        6    #######
 Deflect Missiles         Chrm/Air       #.........   100%        6    #######
 Freezing Cloud           Conj/Ice/Air   #.........   100%        6    #######
 Ozocubu's Refrigeration  Ice            #.........   100%        6    #######
 Simulacrum               Ice/Necr       #.........   100%        6    #######
 Discord                  Hex            #.........   100%        8    #######


Dungeon Overview and Level Annotations

Branches:
Dungeon (10/15)            Temple (1/1) D:6            Lair (0/6) D:8
  Sewer (visited)
    Orc: D:9-12

Altars:
Ashenzari
Cheibriados
Dithmenos
Elyvilon
Fedhas
Gozag
Hepliaklqana
Kikubaaqudgha
Makhleb
Nemelex Xobeh
Okawaru
Qazlal
Ru
Sif Muna
Trog
Uskayaw
Vehumet
Wu Jian
Xom
Yredelemnul
Zin
The Shining One

Shops:
D:4 (

Annotations:
D:10 Sonja


Innate Abilities, Weirdness & Mutations

You have razor-sharp teeth.
Your natural rate of healing is unusually fast.
When hurt, damage is shared between your health and your magic reserves.
Your bite disrupts and absorbs the magic of your enemies.
Potions cannot restore your health.
You are immune to rotting.


Message History

You feel very sick.
The sky beast flickers out of sight!
Deactivating autopickup; reactivate with Ctrl-A.
Something hits you. Something shocks you.
* * * LOW HITPOINT WARNING * * *
Sonja hits you with a +1 dagger of venom.
* * * LOW HITPOINT WARNING * * *
You are more poisoned.
The wolf howls!
Sonja hits you but does no damage.
You are more poisoned.
Sonja hits you but does no damage.
You are more poisoned.
Something hits you.
* * * LOW HITPOINT WARNING * * *
Something shocks you.
* * * LOW HITPOINT WARNING * * *
You climb upwards.
Reactivating autopickup.
You die...

..#.....#.....#...#..#....+...#
..#.....###'###...#..#....#...#
..##'##.......##'##..#....#'###
####..#รท......#..##..###......###
..##..#.......#...#....#.........
...#..#.......#...#....'.........
..##..#.......#'###.##.#.........
..##..#.......#{.##.##.###.......
####..#.......#.@........#....###
#...#.......#..........#....#
##..#.......#..........#....#
####..#.).....#..........#....#
..##..#.......##'#####...#....###
..#...#.......#.....###'######.<.
..##'##.......#..............#...
..#.....#######..............#...
..#.....#....##.....##.......#...


There were no monsters in sight!

Vanquished Creatures
  A hippogriff (D:9)
  3 yaks (D:9)
  Eustachio (D:6)
  A hungry ghost (D:10)
  Duvessa (D:7)
  4 sky beasts
  Purgy (Sewer)
  3 orc warriors
  3 ice beasts (D:7)
  A black bear (D:9)
  A hornet zombie (D:8)
  An ogre (D:8)
  3 centaurs
  4 bullfrogs
  Dowan (D:7)
  A scorpion (D:6)
  2 howler monkeys
  3 crimson imps
  2 hounds
  A bullfrog zombie (D:6)
  9 orc wizards
  A jelly (D:5)
  2 orc priests
  2 bullfrog skeletons
  An iguana (D:5)
  5 worker ants
  2 killer bee zombies
  2 howler monkey zombies (D:6)
  A worker ant zombie (D:5)
  Robin (D:4)
  A howler monkey skeleton (D:6)
  13 adders
  4 river rats (D:3)
  A shadow imp (D:6)
  An ooze (D:6)
  7 worms
  6 leopard geckos
  24 orcs
  2 ball pythons
  12 bats
  7 giant cockroaches
  14 goblins
  12 hobgoblins
  17 jackals
  8 kobolds
  5 quokkas
  6 frilled lizards
  A giant cockroach zombie (D:6)
  A jackal skeleton (D:6)
  14 rats
220 creatures vanquished.

Vanquished Creatures (collateral kills)
  An orc (D:8)
1 creature vanquished.

Grand Total: 221 creatures vanquished

Notes
Turn   | Place    | Note
-------+----------+-------------------------------------------
     0 | D:1      | AlterAsc the Vine Stalker Transmuter began the quest for
                  | the Orb.
     0 | D:1      | Reached XP level 1. HP: 9/9 MP: 4/4
    63 | D:1      | Reached skill level 1 in Fighting
   106 | D:1      | Reached XP level 2. HP: 12/14 MP: 4/6
   266 | D:1      | Reached XP level 3. HP: 11/18 MP: 5/7
  1403 | D:2      | Learned a level 2 spell: Sticks to Snakes
  1427 | D:2      | Gained mutation: Your natural rate of healing is unusually
                  | fast. [Vine Stalker growth]
  1427 | D:2      | Reached XP level 4. HP: 22/22 MP: 9/9
  1684 | D:2      | Found a white marble altar of Elyvilon.
  1743 | D:2      | Found a basalt altar of Yredelemnul.
  1943 | D:3      | Found a blossoming altar of Fedhas.
  2092 | D:3      | Reached XP level 5. HP: 26/26 MP: 8/10
  2490 | D:3      | Found a glowing drain.
  2494 | Sewer    | Entered a sewer
  2559 | Sewer    | Learned a level 5 spell: Blade Hands
  2600 | Sewer    | Noticed Purgy
  2607 | Sewer    | Killed Purgy
  2607 | Sewer    | Reached XP level 6. HP: 28/32 MP: 10/12
  2767 | D:3      | Found a glowing golden altar of the Shining One.
  2782 | D:3      | Became a worshipper of the Shining One
  2966 | D:4      | Found a glowing golden altar of the Shining One.
  2967 | D:4      | Noticed Robin
  2970 | D:4      | Found an ancient bone altar of Kikubaaqudgha.
  3098 | D:4      | Found Kiruh's Weapon Shop.
  3359 | D:5      | Entered Level 5 of the Dungeon
  3487 | D:5      | Reached XP level 7. HP: 32/35 MP: 13/13
  3575 | D:5      | Reached skill level 5 in Transmutations
  3672 | D:4      | Killed Robin
  4398 | D:6      | Reached * piety under the Shining One
  4511 | D:6      | Gained mutation: You have razor-sharp teeth. [Vine Stalker
                  | growth]
  4511 | D:6      | Reached XP level 8. HP: 40/40 MP: 15/15
  4618 | D:6      | Reached skill level 5 in Unarmed Combat
  4754 | D:6      | Noticed Eustachio
  4763 | D:6      | Killed Eustachio
  4763 | D:6      | Reached skill level 5 in Spellcasting
  4831 | D:6      | Found a staircase to the Ecumenical Temple.
  4884 | Temple   | Entered the Ecumenical Temple
  4948 | Temple   | Fell from the grace of the Shining One
  4948 | Temple   | Became a worshipper of Ashenzari the Shackled
  5146 | D:7      | Reached XP level 9. HP: 43/46 MP: 14/18
  5274 | D:7      | Noticed Dowan
  5277 | D:7      | Noticed Duvessa
  5306 | D:7      | Killed Duvessa
  5309 | D:7      | Killed Dowan
  6081 | D:8      | Reached skill level 5 in Fighting
  6162 | D:8      | Reached * piety under Ashenzari
  6381 | D:8      | Found a staircase to the Lair.
  6808 | D:9      | Reached skill level 1 in Evocations
  6844 | D:9      | Reached XP level 10. HP: 53/53 MP: 14/20
  6936 | D:9      | Found an ornate altar of the Wu Jian Council.
  7469 | D:10     | Entered Level 10 of the Dungeon
  7479 | D:10     | Reached skill level 1 in Armour
  7480 | D:10     | Noticed Sonja
  7545 | D:9      | Succumbed to Sonja's poison

Levels and vault maps discovered:
D:1:      tarquinn_simple_flora_water_a, layout_loops_corners,
          serial_bayou_pond_b
D:2:      layout_rooms, kennysheep_ying_yang, hangedman_decor_growths
D:3:      layout_basic, fedhas_ov_isle_minmay, gup_sewer_entry_spiral,
          interstate_on_off, nicolae_tso_carved_into_rock
D:4:      layout_rooms, nicolae_overflow_hidden_temple, serial_shops,
          nicolae_shop_crystal, uniq_robin
D:5:      layout_basic, first_ration
D:6:      layout_basic, minmay_temple_entry_large_hall, uniq_eustachio
D:7:      layout_cave_pods, uniq_duvessa
D:8:      layout_rooms, dpeg_oklobed_lair
D:9:      layout_gridville, overflow_temple_1_default
D:10:     layout_gridville, uniq_sonja, uniq_erica, uniq_grum
Temple:   kb_temple_of_zot

Skill      XL: |  1  2  3  4  5  6  7  8  9 10 |
---------------+-------------------------------+-----
Fighting       | 1 2 3 4 5 |  5.9
Transmutations | 3 4 5 7 8 |  8.6
Spellcasting   | 3 4 5 6 |  6.0
Unarmed Combat | 4 5 7 8 |  8.1
Evocations     | 1 2 |  2.1
Dodging        | 2 |  2.0
Armour         | 1 |  1.0

Action                   |  1- 3 |  4- 6 |  7- 9 | 10-12 || total
-------------------------+-------+-------+-------+-------++-------
Melee: Unarmed           |   114 |   193 |   361 |    48 ||   716
       Bite              |    26 |    49 |   100 |    11 ||   186
       Kick              |     2 |    35 |    96 |     2 ||   135
       Headbutt          |     1 |     2 |       |       ||     3
       Punch             |       |     3 |     6 |       ||     9
Throw: Dart              |    46 |     5 |    16 |       ||    67
 Cast: Beastly Appendage |     9 |    25 |    44 |     1 ||    79
       Blade Hands       |       |       |     8 |     9 ||    17
       Sticks to Snakes  |       |       |     1 |       ||     1
Invok: Curse Item        |       |       |     2 |       ||     2
 Abil: End Transformatio |       |     1 |       |       ||     1
Evoke: Wand              |       |       |     1 |     1 ||     2
  Use: Scroll            |       |       |     6 |       ||     6
  Eat: Chunk             |     2 |     7 |    14 |     5 ||    28
       Ration            |       |       |       |     1 ||     1
Armor: Robe              |    15 |       |       |       ||    15
       Leather armour    |     6 |    33 |    89 |    17 ||   145
Dodge: Dodged            |    66 |   161 |   196 |    51 ||   474
